AoeStats
← Thomas Sankara

Northern Isles

510382711Analyzed
1v1 RM · 1d ago on Sep 30, 2026· 25m 32s· 2 players
Game mode
Random Map
Map size
Tiny (2 player)
Population
200
Speed
Normal
Resources
Standard
Victory
Conquest
Starting age
Dark Age
Ending age
Imperial Age
RankedLock teamsTeams togetherTeam positionsShared explorationLock speedFull tech treeHidden civsTurbo modeCheats
Victory
Defeat
🇪🇸 Burgundians · Spain
2013
+11
🇩🇪 Poles · Germany
1890
-11
Waldblume
10:31 Feudal Age
14:09 Castle Age
13:05 Loom
13:06 Town Watch
13:12 Double-Bit Axe
13:34 Horse Collar
15:27 Bow Saw
22:11 Wheelbarrow
23:24 Fletching
24:22 Gold Mining
28:13 Imperial Age
25:46 Guard Tower
Thomas Sankara
3:08 Double-Bit Axe
10:58 Feudal Age
10:24 Loom
11:25 Town Watch
11:22 Fishing Lines
11:59 Bow Saw
16:30 Castle Age
15:10 Gold Mining
17:05 Wheelbarrow
21:03 Sanctity
25:03 Imperial Age
25:16 Fletching
Connection lost

Rejoining the realm…

Still unreachable

The connection could not be restored.

Session expired

The server has moved on; the page needs a fresh start.